 Dungeon Sprint DCSS version 0.28-a0-664-gc179e30c89 (webtiles) character file.

Game seed: 13440253835026542750

30576 SkeletonJelly the Draconian Aeon (level 13, -2/132 HPs)
             Began as a Pale Draconian Monk on Oct 17, 2021.
             Was the Champion of Cheibriados.
             Killed from afar by a nagaraja (7 damage)
             ... with a splash of poison
             ... in the Dungeon (Sprint IX: "|||||||||||||||||||||||||||||").
             The game lasted 00:13:16 (3180 turns).

SkeletonJelly the Draconian Aeon (DrMo)             Turns: 3180, Time: 00:13:16

Health: -2/132     AC: 13    Str: 31    XL:     13   Next: 21%
Magic:  15/27      EV: 26    Int: 30    God:    Cheibriados [******]
Gold:   640        SH:  0    Dex: 30    Spells: 10/12 levels left

rFire   . . .      SeeInvis +   T - +1 scimitar (flame)
rCold   + . .      Faith    .   (no shield)
rNeg    . . .      Spirit   .   (armour unavailable)
rPois   .          Reflect  .   D - +0 hat {Will+}
rElec   .          Harm     .   P - +2 cloak of the Thief {*Fog Slay-2 SInv Stlth+}
rCorr   .          Rampage  .   C - +0 pair of gloves
Will    +....      NoTele   +   p - +0 pair of boots
Stlth   +++++++...              (no amulet)
HPRegen 0.32/turn               q - +3 ring of intelligence
MPRegen 0.20/turn               I - ring of protection from cold

@: lethally poisoned (-2 -> -18), untranslocatable, slowed, constricted, very
slow
A: breathe steam, AC +8, unfitting armour, cold-blooded, steam resistance
a: Breathe Steam, Renounce Religion, Bend Time, Temporal Distortion, Slouch,
Step From Time


You were in the Dungeon.
You worshipped Cheibriados.
Cheibriados was exalted by your worship.
You visited 1 branch You collected 1950 gold pieces.
You spent 1310 gold pieces at shops.

Inventory:

Hand Weapons
 a - a +0 falchion
 j - the +2 halberd "Punoon" {vamp, rPois}
   (You found it in the Dungeon)

   It occasionally heals its wielder for a portion of the damage dealt when it
   wounds a living foe.
   rPois:     It protects you from poison.
 k - a +2 vorpal morningstar
 l - a +4 quarterstaff of speed
 m - a +2 rapier of distortion
 n - a +2 scimitar of holy wrath
 o - a +3 vorpal war axe
 t - the +4 fustibalus "Vecrutuss" {venom, rC- Str+9 Int+4}
   (You found it in the Dungeon)

   Any ammunition fired from it poisons the flesh of those it strikes.
   Str:       It affects your strength (+9).
   Int:       It affects your intelligence (+4).
   rC:        It makes you vulnerable to cold.
 F - the +7 Spriggan's Knife {stab, EV+4 Stlth+}
   (You bought it in a shop in the Dungeon)

   It is more effective when stabbing unaware enemies, treating them as though
   they were completely helpless.
   EV:        It affects your evasion (+4).
   Stlth:     It makes you more stealthy.
 G - a +0 scimitar of flaming
 L - a +1 scimitar of holy wrath
 M - a +1 double sword
 N - a +1 double sword
 O - a +3 quick blade
 T - a +1 scimitar of flaming (weapon)
Missiles
 u - 13 stones
Armour
 p - a +0 pair of boots (worn)
 B - a +0 cloak
 C - a +0 pair of gloves (worn)
 D - a +0 hat of willpower (worn)
 P - the +2 cloak of the Thief (worn) {*Fog Slay-2 SInv Stlth+}
   (You found it in the Dungeon)

   It may release a thick cloud of smoke when the wearer is hurt.
   Slay:      It affects your accuracy & damage with ranged weapons and melee
   (-2).
   SInv:      It lets you see invisible.
   Stlth:     It makes you more stealthy.
 Q - a +1 cloak
Jewellery
 q - a +3 ring of intelligence (left hand)
 r - a +2 ring of evasion
 H - a ring of protection from fire
 I - a ring of protection from cold (right hand)
 J - a ring of see invisible
 K - a ring of poison resistance
Wands
 i - a wand of acid (1)
Scrolls
 g - 4 scrolls of blinking
 h - 2 scrolls of amnesia
 v - a scroll of fog
 w - 2 scrolls of fear
 x - 4 scrolls of enchant armour
 y - 2 scrolls of enchant weapon
 z - 2 scrolls of identify
 A - a scroll of silence
Potions
 b - 7 potions of curing
 c - 7 potions of heal wounds
 d - 2 potions of haste
 e - 4 potions of magic
 f - a potion of berserk rage
 s - 2 potions of mutation
 E - a potion of cancellation {unknown}
 R - a potion of resistance
 S - a potion of brilliance


   Skills:
 - Level 17.0 Fighting
 * Level 11.1(14.1) Short Blades
 - Level 14.0(15.5) Long Blades
 - Level 15.0 Dodging
 * Level 11.3 Stealth
 + Level 3.8 Hexes
 - Level 21.0 Invocations


You had 10 spell levels left.
You knew the following spells:

 Your Spells              Type           Power      Damage    Failure   Level
a - Ensorcelled Hibernat  Hex/Ice        22%        N/A       7%          2

Your spell library contained the following spells:

 Spells                   Type           Power      Damage    Failure   Level
 Tukima's Dance           Hex            23%        N/A       6%          3
 Apportation              Tloc           0%         N/A       10%         1
 Alistair's Intoxication  Tmut/Pois      0%         N/A       95%         5
 Invisibility             Hex            11%        N/A       97%         6


Dungeon Overview and Level Annotations

Branches:
Dungeon (1/1)

Altars:
Cheibriados
Dithmenos
Elyvilon
Fedhas
Gozag
Hepliaklqana
Kikubaaqudgha
Makhleb
Nemelex Xobeh
Okawaru
Qazlal
Ru
Sif Muna
Trog
Uskayaw
Vehumet
Wu Jian
Xom
Yredelemnul
Zin
The Shining One
Beogh
Jiyva
Lugonu

Shops:
D :((*


Innate Abilities, Weirdness & Mutations

You can breathe blasts of scalding, opaque steam.
Your pale cyan-grey scales are hard. (AC +8)
You cannot fit into any form of body armour.
You are cold-blooded and may be slowed by cold attacks.
You are immune to the effects of steam.


Message History

Aim: a black mamba (chance to affect: 41%)
The black mamba resists with some effort.
The naga mage shouts!
The black mamba completely misses you. x2
You now have 25/27 mp.
You hit the black mamba.
The black mamba is lightly wounded.
The black mamba bites you but does no damage.
Casting: Ensorcelled Hibernation (safe; 8% risk of failure)
Confirm with . or Enter, or press ? or * to list all spells.
Aiming: Ensorcelled Hibernation (safe; 8% risk of failure)
Press: ? - help, Shift-Dir - straight line, f/p - black mamba
Aim: a black mamba (lightly wounded, chance to affect: 41%)
The black mamba resists with some effort.
The black mamba misses you.
The naga mage gestures at the nagaraja while chanting.
The nagaraja seems to grow toxic.
The black mamba completely misses you.
You now have 23/27 mp.
You puncture the black mamba! You tail-slap the black mamba.
The black mamba is moderately wounded.
You hit the black mamba but do no damage.
The black mamba is moderately wounded.
The black mamba bites you!
You are poisoned.
The black mamba poisons you!
The nagaraja casts a spell.
The nagaraja seems to speed up.
A naga sharpshooter comes into view. It is wielding a +0 battleaxe.
You take 13 damage, and have 119/132 hp.
You miss the black mamba.
Your tail-slap misses the black mamba.
The black mamba is moderately wounded.
You feel sick. The black mamba completely misses you.
You take 2 damage, and have 117/132 hp.
You can feel time thicken for a moment.
You kill the black mamba!
Cheibriados thoroughly appreciates the change of pace.
You kill the guardian serpent!
Cheibriados thoroughly appreciates the change of pace.
You kill the black mamba!
Cheibriados thoroughly appreciates the change of pace.
You feel sick. The nagaraja spits poison at you.
The splash of poison hits you but does no damage.
You are more poisoned.
You have difficulty breathing.
You feel yourself slow down.
Your base Short Blades skill increases to level 11!
You take 6 damage, and have 111/132 hp.
You now have 19/27 mp.
You can feel time thicken for a moment.
You feel very sick. The nagaraja completely misses you.
The nagaraja hits you from afar with a +0 halberd.
You take 10 damage, and have 101/132 hp.
You now have 14/27 mp.
You feel extremely sick.
The nagaraja hits you with a +0 halberd!!
With a swish of your cloak, you release a cloud of fog.
The nagaraja grabs you. The nagaraja constricts you.
The nagaraja spits poison at you. The splash of poison hits you!
You are more poisoned.
You have difficulty breathing.
You feel as though you will be slow longer.
The nagaraja constricts you.
The nagaraja gestures at you while chanting.
The bolt of poison misses you. The nagaraja constricts you.
The nagaraja hits you with a +0 halberd.
The nagaraja constricts you.
The nagaraja gestures at you while chanting.
You feel firmly anchored in space. The nagaraja constricts you.
* * * LOW HITPOINT WARNING * * *
You see here a black mamba corpse.
You take 63 damage, and have 38/132 hp.
MASSIVE DAMAGE!!
Your +1 scimitar of flaming bursts into flame!
T - a +1 scimitar of flaming (weapon)
You feel sick. The nagaraja spits poison at you.
The splash of poison misses you. The nagaraja constricts you.
* * * LOW HITPOINT WARNING * * *
You take 7 damage, and have 31/132 hp.
You feel better. The nagaraja misses you. The nagaraja constricts you.
* * * LOW HITPOINT WARNING * * *
The nagaraja hits you with a +0 halberd!
* * * LOW HITPOINT WARNING * * *
With a swish of your cloak, you release a cloud of fog.
The nagaraja constricts you.
* * * LOW HITPOINT WARNING * * *
You take 13 damage, and have 18/132 hp.
You hit the nagaraja. You burn the nagaraja.
The nagaraja is severely wounded.
The nagaraja hits you with a +0 halberd.
* * * LOW HITPOINT WARNING * * *
The nagaraja constricts you.
* * * LOW HITPOINT WARNING * * *
The nagaraja spits poison at you. The splash of poison hits you!
You are lethally poisoned!
You have difficulty breathing.
* * * LOW HITPOINT WARNING * * *
You feel as though you will be slow longer.
You die...

▓▓▓▓▓▓▓▓▓▓▓▓▓▓▓▓▓▓▓▓▓▓▓▓
N.N†NNN@§§..............
♣♣♣♣♣♣♣♣♣▓▓▓▓▓▓▓▓▓▓▓▓▓▓▓▓▓▓▓▓▓▓▓▓
.......).........................
▓▓▓▓▓▓▓▓▓▓▓▓▓▓▓▓▓▓▓▓▓▓▓▓▓▓▓▓▓▓▓▓▓
...[[[.[[[...)).).).....'........
▓▓▓▓▓▓▓▓▓▓▓▓▓▓▓▓▓▓▓▓▓▓▓▓▓▓▓▓▓▓▓▓▓
.................................
▓▓▓▓▓▓▓▓▓▓▓▓▓▓▓▓▓▓▓▓▓▓▓▓▓▓▓▓▓▓▓▓▓
))))))'...).)))))).)'............


You could see a nagaraja (fast, curare, catching breath) and a naga
sharpshooter.

Vanquished Creatures
  Frances (D)
  Gastronok (D)
  Agnes (D)
  2 stone giants (D)
  Azrael (D)
  2 ettins (D)
  An ice dragon (D)
  2 boulder beetles (D)
  A hydra (D)
  5 ogre magi (D)
  A centaur warrior (D)
  Erica (D)
  5 two-headed ogres (D)
  A spriggan berserker (D)
  Urug (D)
  A hell knight (D)
  A wizard (D)
  A lindwurm (D)
  4 orc knights (D)
  2 ugly things (D)
  A manticore (D)
  2 elephants (D)
  A cyclops (D)
  3 black mambas (D)
  A naga mage (D)
  A guardian serpent (D)
  3 cane toads (D)
  A gargoyle (D)
  3 komodo dragons (D)
  2 efreet (D)
  4 tyrant leeches (D)
  A fire elemental (D)
  3 yaks (D)
  2 vampire mosquitoes (D)
  2 water moccasins (D)
  5 hell hounds (D)
  10 orc warriors (D)
  A necrophage (D)
  A centaur (D)
  4 ogres (D)
  4 bullfrogs (D)
  A scorpion (D)
  A killer bee (D)
  A howler monkey (D)
  3 orc priests (D)
  A jelly (D)
  3 orc wizards (D)
  3 worms (D)
  6 orcs (D)
  2 endoplasms (D)
  2 quokkas (D)
  A kobold (D)
  A quokka simulacrum (D)
  A quokka zombie (D)
  A rat (D)
117 creatures vanquished.

Vanquished Creatures (others)
  An orc warrior (D)
1 creature vanquished.

Grand Total: 118 creatures vanquished

Notes
Turn   | Place    | Note
-------+----------+-------------------------------------------
     0 | D        | SkeletonJelly the Draconian Monk began the quest for the
                  | Orb.
     0 | D        | Reached XP level 1. HP: 19/19 MP: 1/1
   135 | D        | Noticed a necrophage
   135 | D        | Noticed a centaur
   135 | D        | Noticed a jelly
   135 | D        | Noticed a scorpion
   145 | D        | Killed a scorpion
   146 | D        | Reached skill level 5 in Fighting
   146 | D        | Reached XP level 2. HP: 29/29 MP: 2/2
   146 | D        | Reached XP level 3. HP: 36/36 MP: 3/3
   146 | D        | Reached XP level 4. HP: 42/42 MP: 4/4
   152 | D        | Killed a centaur
   153 | D        | Reached skill level 5 in Dodging
   153 | D        | Reached XP level 5. HP: 50/51 MP: 5/5
   154 | D        | Killed a necrophage
   250 | D        | Found a snail-covered altar of Cheibriados.
   250 | D        | Found a shadowy altar of Dithmenos.
   250 | D        | Found a white marble altar of Elyvilon.
   250 | D        | Found a blossoming altar of Fedhas.
   250 | D        | Found an opulent altar of Gozag.
   251 | D        | Found a hazy altar of Hepliaklqana.
   252 | D        | Found a viscous altar of Jiyva.
   253 | D        | Found an ancient bone altar of Kikubaaqudgha.
   254 | D        | Found a corrupted altar of Lugonu.
   255 | D        | Found a burning altar of Makhleb.
   256 | D        | Found a sparkling altar of Nemelex Xobeh.
   257 | D        | Found an iron altar of Okawaru.
   258 | D        | Found a stormy altar of Qazlal.
   259 | D        | Found a sacrificial altar of Ru.
   260 | D        | Found a shimmering blue altar of Sif Muna.
   261 | D        | Found a bloodstained altar of Trog.
   262 | D        | Found a hide-covered altar of Uskayaw.
   263 | D        | Found a radiant altar of Vehumet.
   264 | D        | Found an ornate altar of the Wu Jian Council.
   265 | D        | Found a shimmering altar of Xom.
   268 | D        | Found a basalt altar of Yredelemnul.
   269 | D        | Found a glowing silver altar of Zin.
   270 | D        | Found a glowing golden altar of the Shining One.
   286 | D        | Became a worshipper of Cheibriados the Contemplative
   286 | D        | Reached * piety under Cheibriados
   286 | D        | Reached ** piety under Cheibriados
   317 | D        | Got the +2 halberd "Punoon" {vamp, rPois}
   335 | D        | Noticed a gargoyle
   335 | D        | Noticed an orc warrior
   335 | D        | Noticed a two-headed ogre
   341 | D        | Killed an orc warrior
   342 | D        | Reached skill level 10 in Long Blades
   342 | D        | Reached skill level 4 in Invocations
   342 | D        | Reached XP level 6. HP: 44/61 MP: 5/9
   342 | D        | Killed a two-headed ogre
   342 | D        | Reached *** piety under Cheibriados
   342 | D        | Killed a gargoyle
   343 | D        | Reached skill level 8 in Invocations
   343 | D        | Your scales start taking on a pale cyan-grey colour.
   343 | D        | Reached XP level 7. HP: 51/71 MP: 5/13
   343 | D        | Gained mutation: You are immune to the effects of steam.
                  | [Pale Draconian growth]
   343 | D        | Reached XP level 8. HP: 57/79 MP: 5/14
   444 | D        | Noticed a boulder beetle
   444 | D        | Noticed a white ugly thing
   444 | D        | Noticed a cyclops
   447 | D        | Reached **** piety under Cheibriados
   448 | D        | Reached skill level 10 in Fighting
   448 | D        | Reached skill level 9 in Invocations
   448 | D        | Killed a cyclops
   448 | D        | Reached ***** piety under Cheibriados
   456 | D        | Killed a white ugly thing
   457 | D        | Reached skill level 10 in Invocations
   457 | D        | Reached XP level 9. HP: 70/86 MP: 16/16
   466 | D        | Killed a boulder beetle
   467 | D        | Reached skill level 11 in Invocations
   840 | D        | Got the +4 fustibalus "Vecrutuss" {venom, rC- Str+9 Int+4}
   853 | D        | Noticed a cane toad
   853 | D        | Noticed a cane toad
   854 | D        | Noticed a komodo dragon
   861 | D        | Reached skill level 12 in Invocations
   861 | D        | Killed a cane toad
   861 | D        | Killed a cane toad
   861 | D        | Reached ****** piety under Cheibriados
   862 | D        | Killed a komodo dragon
   863 | D        | Reached skill level 10 in Dodging
   863 | D        | Reached skill level 13 in Invocations
   863 | D        | Reached XP level 10. HP: 97/97 MP: 12/20
   971 | D        | Noticed a six-headed hydra
   971 | D        | Noticed a cane toad
   974 | D        | Killed a cane toad
   975 | D        | Reached skill level 14 in Invocations
   980 | D        | Noticed an elephant
   980 | D        | Killed a six-headed hydra
   981 | D        | Reached skill level 15 in Invocations
   981 | D        | Noticed an elephant
   986 | D        | Killed an elephant
   992 | D        | Killed an elephant
  1023 | D        | Noticed a lindwurm
  1039 | D        | Reached skill level 16 in Invocations
  1045 | D        | Killed a lindwurm
  1290 | D        | Reached XP level 11. HP: 102/110 MP: 23/23
  1381 | D        | Noticed Gastronok
  1392 | D        | Killed Gastronok
  1393 | D        | Reached skill level 17 in Invocations
  1563 | D        | Noticed an ettin
  1563 | D        | Noticed an orc knight
  1571 | D        | Killed an ettin
  1578 | D        | Killed an orc knight
  1943 | D        | Noticed an orc knight
  1947 | D        | Reached skill level 15 in Fighting
  1947 | D        | Reached skill level 18 in Invocations
  1951 | D        | Noticed an orc knight
  1953 | D        | Killed an orc knight
  1955 | D        | Noticed an orc knight
  1963 | D        | Killed an orc knight
  1965 | D        | Killed an orc knight
  2144 | D        | Found Morruomo's General Store.
  2144 | D        | Noticed an ogre mage
  2144 | D        | Noticed an ogre mage
  2144 | D        | Noticed an ogre mage
  2145 | D        | Noticed an ogre mage
  2146 | D        | Noticed a two-headed ogre
  2148 | D        | Killed an ogre mage
  2148 | D        | Killed an ogre mage
  2148 | D        | Killed a two-headed ogre
  2149 | D        | Reached skill level 19 in Invocations
  2149 | D        | Killed an ogre mage
  2149 | D        | Killed an ogre mage
  2150 | D        | Reached skill level 20 in Invocations
  2150 | D        | Reached XP level 12. HP: 106/122 MP: 9/26
  2153 | D        | Noticed an ogre mage
  2154 | D        | Found Naheb's Weapon Shop.
  2158 | D        | Found Figu's Weapon Boutique.
  2160 | D        | Found Vasuaj's Book Shop.
  2161 | D        | Noticed a two-headed ogre
  2161 | D        | Noticed a two-headed ogre
  2166 | D        | Killed an ogre mage
  2168 | D        | Killed a two-headed ogre
  2169 | D        | Noticed a two-headed ogre
  2171 | D        | Killed a two-headed ogre
  2174 | D        | Killed a two-headed ogre
  2232 | D        | Bought the +7 Spriggan's Knife {stab, EV+4 Stlth+} for 826
                  | gold pieces
  2232 | D        | Found the +7 Spriggan's Knife {stab, EV+4 Stlth+}
  2250 | D        | Bought a book of Maledictions for 154 gold pieces
  2250 | D        | Bought a book of Party Tricks for 330 gold pieces
  2296 | D        | Noticed Erica
  2303 | D        | Killed Erica
  2304 | D        | Reached skill level 1 in Short Blades
  2378 | D        | Found the +2 cloak of the Thief {*Fog Slay-2 SInv Stlth+}
  2422 | D        | Noticed a centaur warrior
  2422 | D        | Noticed a boulder beetle
  2438 | D        | Killed a centaur warrior
  2438 | D        | Noticed a stone giant
  2439 | D        | Reached skill level 21 in Invocations
  2440 | D        | Killed a boulder beetle
  2441 | D        | Reached skill level 5 in Stealth
  2445 | D        | Noticed an ice dragon
  2463 | D        | Killed a stone giant
  2464 | D        | Reached skill level 5 in Short Blades
  2482 | D        | Killed an ice dragon
  2782 | D        | Noticed an ettin
  2783 | D        | Noticed a stone giant
  2794 | D        | Killed a stone giant
  2795 | D        | Reached skill level 15 in Dodging
  2799 | D        | Killed an ettin
  2936 | D        | Noticed Frances
  2949 | D        | Killed Frances
  2953 | D        | Learned a level 2 spell: Ensorcelled Hibernation
  2956 | D        | Noticed Azrael
  2968 | D        | Reached skill level 1 in Hexes
  2968 | D        | Reached XP level 13. HP: 123/132 MP: 21/27
  2972 | D        | Killed Azrael
  2973 | D        | Reached skill level 10 in Stealth
  3007 | D        | Noticed Agnes
  3017 | D        | Killed Agnes
  3018 | D        | Reached skill level 10 in Short Blades
  3025 | D        | Noticed Urug
  3039 | D        | Killed Urug
  3164 | D        | Noticed a nagaraja
  3180 | D        | HP: 5/132 [asphyx]
  3180 | D        | Killed from afar by a nagaraja

Illustrated notes

Levels and vault maps discovered:
D:        linesprint [early_d, line_temple, items_1, d_10, items_2, lair_1,
          lair_end, items_3, orc_1, orc_end, items_4, d_15, swamp_1, shoals_1,
          snake_1, spider_1, d_20, vaults_1, items_5, swamp_end, shoals_end,
          snake_end, spider_end, vaults_end, d_27, items_6, zot_1, zot_end,
          crypt_end, forest_end, elf_end, slime_end, tomb_end, abyss_end,
          pan_hell_end]

Skill      XL: |  1  2  3  4  5  6  7  8  9 10 11 12 13 |
---------------+----------------------------------------+-----
Stealth        | 2 9 11 | 11.3
Dodging        | 4 5 6 8 10 11 13 15 | 15.0
Fighting       | 5 6 8 9 10 12 14 16 17 | 17.0
Long Blades    | 6 8 10 12 13 14 | 14.0
Invocations    | 4 8 10 13 16 20 21 | 21.0
Short Blades   | 9 11 | 11.1
Hexes          | 1 3 |  3.8

Action                   |  1- 3 |  4- 6 |  7- 9 | 10-12 | 13-15 || total
-------------------------+-------+-------+-------+-------+-------++-------
Melee: Falchion          |    19 |     8 |       |       |       ||    27
       Tailslap          |     2 |     4 |     4 |    42 |     2 ||    54
       Scimitar          |       |     3 |    20 |    96 |     6 ||   125
       Knife             |       |       |       |    50 |     8 ||    58
 Cast: Ensorcelled Hiber |       |       |       |       |    11 ||    11
Invok: Slouch            |       |       |     2 |    25 |     2 ||    29
 Abil: Breathe Steam     |       |       |     4 |    10 |       ||    14
Evoke: Wand              |       |     3 |     2 |     4 |       ||     9
  Use: Potion            |     1 |     1 |       |       |     1 ||     3
 Stab: Sleeping          |     2 |       |       |     2 |     4 ||     8
       Distracted        |       |       |       |     1 |       ||     1
Armor: Skin              |     3 |     1 |     4 |    10 |     3 ||    21
Dodge: Dodged            |     9 |     5 |    15 |   125 |    17 ||   171

Table legend: (Time is in decaauts)
 A = Elapsed time spent in this place.
 B = Non-inter-level travel time spent in this place.
 C = Inter-level travel time spent in this place.
 D = Time resting spent in this place.
 E = Time spent auto-exploring this place.
 F = Levels seen in this place.
 G = Mean time per level.
                   A        B        C        D        E       F      G
               +--------+--------+--------+--------+--------+-----+--------+
         Total |   3740 |   3740 |      0 |     54 |   2914 |   1 | 3740.0 |
       Dungeon |   3740 |   3740 |      0 |     54 |   2914 |   1 | 3740.0 |
               +--------+--------+--------+--------+--------+-----+--------+

Top non-repeatable levels by time:
       D: 3740 daAuts
